 Dungeon Crawl Stone Soup version 0.23.2-30-g0e89c35 (webtiles) character file.

Game seed: 11729984400951405511

4867 Fortress the Fighter (level 10, -2/94 HPs)
             Began as a Yellow Draconian Fire Elementalist on June 17, 2019.
             Was a Priest of Sif Muna.
             Slain by a hornet (7 damage)
             ... on level 9 of the Dungeon.
             The game lasted 00:44:33 (7840 turns).

Fortress the Fighter (DrFE)                         Turns: 7840, Time: 00:44:33

Health: -2/94      AC: 11    Str: 13    XL:     10   Next: 26%
Magic:  0/28       EV: 12    Int: 20    God:    Sif Muna [***...]
Gold:   509        SH:  0    Dex: 11    Spells: 15/21 levels left

rFire    . . .     SeeInvis .   s - +3 quarterstaff (chaos)
rCold    . . .     Gourm    .   (shield currently unavailable)
rNeg     . . .     Faith    .   (armour unavailable)
rPois    .         Spirit   .   (helmet restricted)
rElec    .         Reflect  .   J - +0 cloak {MR+}
rCorr    +         Harm     .   g - +2 pair of gloves
MR       +....                  (no boots)
Stlth    ++........             f - amulet of regeneration
HPRegen  0.65/turn              c - ring of magical power
MPRegen  0.21/turn              F - +3 ring of strength

@: marked, slowed, drained, very slow
A: spit acid, unfitting armour, cold-blooded, acid resistance, AC +7
a: Breathe Acid, Divine Energy, Channel Magic, Renounce Religion


You were on level 9 of the Dungeon.
You worshipped Sif Muna.
Sif Muna was most pleased with you.
You were not hungry.

You visited 2 branches of the dungeon, and saw 10 of its levels.

You collected 509 gold pieces.

Inventory:

Hand Weapons
 e - a +0 dagger
 r - a +2 flail of crushing
 s - a +3 quarterstaff of chaos (weapon)
 G - a +5 scimitar
Missiles
 d - 237 stones (quivered)
 i - 6 curare-tipped needles
 m - 102 sling bullets
 q - 4 needles of frenzy
 u - 66 poisoned needles
Armour
 g - a +2 pair of gloves (worn)
 l - a scarf of cloud immunity
 J - a +0 cloak of magic resistance (worn)
Jewellery
 c - a ring of magical power (left hand)
 f - an amulet of regeneration (around neck)
 F - a +3 ring of strength (right hand)
Wands
 j - a wand of digging (5)
 n - a wand of random effects (18)
 x - a wand of iceblast (10)
 D - a wand of enslavement (8)
Scrolls
 a - a scroll of blinking
 h - 6 scrolls of identify
 v - 2 scrolls of random uselessness {unknown}
 w - 5 scrolls of immolation {unknown}
 y - a scroll of teleportation
 z - 4 scrolls of remove curse
 B - 2 scrolls of enchant armour
 E - a scroll of magic mapping {unknown}
 H - a scroll of fear {unknown}
Potions
 k - a potion of might {unknown}
 o - a potion of brilliance {unknown}
 p - a potion of cancellation {unknown}
 t - 2 potions of haste {unknown}
 A - 2 potions of curing {unknown}
 C - a potion of flight {unknown}
Comestibles
 b - 10 rations
 K - a chunk of flesh


   Skills:
 - Level 10.7(9.6) Fighting
 - Level 2.0(1.2) Dodging
 - Level 2.0(1.2) Stealth
 - Level 6.0(5.1) Spellcasting
 - Level 6.0(5.0) Conjurations
 + Level 7.2(6.2) Fire Magic
 * Level 3.2(2.3) Invocations


You had 15 spell levels left.
You knew the following spells:

 Your Spells              Type           Power        Failure   Level  Hunger
a - Flame Tongue          Conj/Fire      ####.        1%          1    None
b - Throw Flame           Conj/Fire      ####..       1%          2    None
c - Conjure Flame         Conj/Fire      ####....     3%          3    ##.....

Your spell library contained the following spells:

 Spells                   Type           Power        Failure   Level  Hunger
 Inner Flame              Hex/Fire       ###.....     10%         3    ##.....
 Sticky Flame             Conj/Fire      ####....     11%         4    ####...
 Fireball                 Conj/Fire      ####......   30%         5    #####..


Dungeon Overview and Level Annotations

Branches:
Dungeon (9/15)             Temple (1/1) D:7
   Lair: D:8-11         Orc: D:9-12

Altars:
Ashenzari
Cheibriados
Dithmenos
Elyvilon
Fedhas
Gozag
Hepliaklqana
Kikubaaqudgha
Makhleb
Nemelex Xobeh
Okawaru
Qazlal
Ru
Sif Muna
Trog
Uskayaw
Vehumet
Wu Jian
Xom
Yredelemnul
Zin
The Shining One

Shops:
D:4 (

Annotations:
D:4 1 runed translucent door, prey's ghost, amateur OgBe
D:7 3 runed translucent doors, xraymikek's ghost, novice SpEn
D:8 Erica; Harold; Prince Ribbit


Innate Abilities, Weirdness & Mutations

You can spit globs of acid.
Your golden yellow scales are hard. (AC +7)
You cannot fit into any form of body armour.
You are cold-blooded and may be slowed by cold attacks.
You are resistant to acid. (rCorr)


Message History

Confirm with . or Enter, or press ? or * to list all spells.
Aiming: Throw Flame (safe; 1% risk of failure)
Press: ? - help, Shift-Dir - straight line, f/p - phantom
Aim: a phantom (almost destroyed)
The puff of flame hits the phantom.
The phantom is almost destroyed.
A hornet comes into view.
Casting: Throw Flame (safe; 1% risk of failure)
Confirm with . or Enter, or press ? or * to list all spells.
You don't have enough magic to cast that spell.
The hornet stings you!
* * * LOW HITPOINT WARNING * * *
You feel yourself slow down.
Casting: Throw Flame (safe; 1% risk of failure)
Confirm with . or Enter, or press ? or * to list all spells.
Aiming: Flame Tongue (safe; 1% risk of failure)
Press: ? - help, Shift-Dir - straight line, f - hornet
Aim: a hornet The flame tongue misses the hornet.
The hornet stings you!
You die...

.# . . #. .##
#. ... #. #.#
.. ###.##
.##.#.#@...##
#.....y.....#
#######).####
####


You could see a hornet.

Vanquished Creatures
  2 two-headed ogres
  Maurice (D:8)
  Eustachio (D:8)
  An ice beast (D:8)
  2 orc warriors
  A sky beast (D:7)
  5 ogres
  A phantom (D:5)
  A necrophage (D:8)
  3 centaurs
  6 bullfrogs
  A gnoll sergeant (D:8)
  5 scorpions
  10 wights
  2 crimson imps
  4 hounds
  3 orc priests
  Crazy Yiuf (D:2)
  An orc wizard (D:4)
  Natasha (thrice) (D:2)
  2 worker ants
  8 adders
  16 gnolls
  2 oozes (D:3)
  3 adder skeletons
  2 worms
  A dart slug (D:3)
  4 leopard geckos
  16 orcs
  10 giant cockroaches
  4 goblins
  7 hobgoblins
  7 jackals
  8 kobolds
  3 quokkas
  3 ball pythons
  4 bats
  7 frilled lizards
  2 jackal skeletons
  A jackal zombie (D:6)
  3 leopard gecko skeletons
  9 rats
176 creatures vanquished.

Vanquished Creatures (others)
  An orc wizard (D:5)
1 creature vanquished.

Grand Total: 177 creatures vanquished

Notes
Turn   | Place    | Note
-------+----------+-------------------------------------------
     0 | D:1      | Fortress the Draconian Fire Elementalist began the quest
                  | for the Orb.
     0 | D:1      | Reached XP level 1. HP: 14/14 MP: 3/3
   294 | D:1      | Reached XP level 2. HP: 12/20 MP: 2/5
   422 | D:1      | Found a sparkling altar of Nemelex Xobeh.
   737 | D:2      | Reached XP level 3. HP: 26/26 MP: 6/6
  1414 | D:2      | Reached XP level 4. HP: 20/33 MP: 6/7
  1604 | D:2      | Noticed Natasha
  1609 | D:2      | Killed Natasha
  1647 | D:2      | Noticed Natasha
  1653 | D:2      | Killed Natasha
  1847 | D:2      | Reached XP level 5. HP: 38/38 MP: 9/9
  1857 | D:2      | Found a runed translucent door.
  1858 | D:2      | Noticed Crazy Yiuf
  1951 | D:2      | Noticed Natasha
  1955 | D:2      | Killed Natasha
  2185 | D:2      | Killed Crazy Yiuf
  2370 | D:3      | Found a deep blue altar of Sif Muna.
  2373 | D:3      | Became a worshipper of Sif Muna the Loreminder
  2645 | D:3      | Reached XP level 6. HP: 45/45 MP: 11/11
  2840 | D:3      | Found a basalt altar of Yredelemnul.
  3091 | D:4      | Found a runed translucent door.
  3100 | D:4      | Noticed prey's ghost (amateur OgBe)
  3276 | D:4      | Found a glowing silver altar of Zin.
  3422 | D:4      | Reached skill level 5 in Fire Magic
  3422 | D:4      | Your scales start taking on a golden yellow colour.
  3422 | D:4      | Reached XP level 7. HP: 50/50 MP: 13/13
  3422 | D:4      | Gained mutation: You are resistant to acid. (rCorr) [Yellow
                  | Draconian growth]
  3462 | D:4      | Found Baqavvig's Weapon Shoppe.
  3507 | D:4      | Learned a level 2 spell: Throw Flame
  3511 | D:4      | Learned a level 3 spell: Conjure Flame
  3666 | D:5      | Entered Level 5 of the Dungeon
  3776 | D:5      | Reached * piety under Sif Muna
  3920 | D:5      | Noticed a water elemental
  3922 | D:5      | Found a stormy altar of Qazlal.
  3925 | D:5      | Noticed a fire elemental
  3925 | D:5      | Noticed an air elemental
  4242 | D:5      | Reached skill level 5 in Spellcasting
  4664 | D:6      | Reached skill level 5 in Conjurations
  4806 | D:6      | Reached XP level 8. HP: 30/57 MP: 16/16
  5207 | D:6      | Reached ** piety under Sif Muna
  5207 | D:6      | Reached skill level 1 in Fighting
  5264 | D:6      | Found an ornate altar of the Wu Jian Council.
  5611 | D:7      | Found a sparkling altar of Nemelex Xobeh.
  5703 | D:7      | Reached skill level 2 in Fighting
  5895 | D:7      | Noticed xraymikek's ghost (novice SpEn)
  6059 | D:7      | Found a runed translucent gate.
  6059 | D:7      | Found a runed translucent gate.
  6059 | D:7      | Found a runed translucent gate.
  6091 | D:7      | Found a staircase to the Ecumenical Temple.
  6098 | D:7      | Reached skill level 3 in Fighting
  6178 | Temple   | Entered the Ecumenical Temple
  6353 | D:7      | Noticed a two-headed ogre
  6369 | Temple   | Killed a two-headed ogre
  6369 | Temple   | Reached skill level 7 in Fighting
  6369 | Temple   | Reached XP level 9. HP: 44/79 MP: 14/18
  6852 | D:8      | Reached skill level 8 in Fighting
  6884 | D:8      | Noticed Maurice
  6899 | D:8      | Killed Maurice
  6899 | D:8      | Reached skill level 9 in Fighting
  7071 | D:8      | Noticed a two-headed ogre
  7098 | D:8      | Killed a two-headed ogre
  7098 | D:8      | Reached skill level 10 in Fighting
  7260 | D:8      | Reached skill level 1 in Invocations
  7260 | D:8      | Reached XP level 10. HP: 93/94 MP: 18/19
  7452 | D:8      | Noticed Eustachio
  7469 | D:8      | Killed Eustachio
  7660 | D:8      | Reached *** piety under Sif Muna
  7788 | D:8      | Noticed Harold
  7804 | D:8      | Noticed Erica
  7819 | D:8      | Noticed Prince Ribbit
  7839 | D:9      | HP: 4/94 [hornet (10)]
  7840 | D:9      | Slain by a hornet

Skill      XL: |  1  2  3  4  5  6  7  8  9 10 |
---------------+-------------------------------+-----
Conjurations   | 2 3 4 5 6 |  6.0
Dodging        | 2 |  2.0
Stealth        | 2 |  2.0
Fire Magic     | 4 5 6 7 |  7.2
Spellcasting   | 3 4 5 6 |  6.0
Fighting       | 7 10 | 10.7
Invocations    | 1 3 |  3.2

Action                   |  1- 3 |  4- 6 |  7- 9 | 10-12 || total
-------------------------+-------+-------+-------+-------++-------
Melee: Unarmed           |     3 |       |       |       ||     3
       Dagger            |     5 |       |       |       ||     5
       Quarterstaff      |       |    28 |    25 |     9 ||    62
       Tailslap          |       |       |     3 |     1 ||     4
Throw: Stone             |       |     1 |       |       ||     1
 Cast: Flame Tongue      |    70 |   128 |   218 |   120 ||   536
       Throw Flame       |       |       |    22 |     7 ||    29
       Conjure Flame     |       |       |     3 |       ||     3
  Use: Scroll            |       |     6 |       |     2 ||     8
       Potion            |       |       |     2 |     1 ||     3
 Stab: Sleeping          |     1 |       |       |       ||     1
  Eat: Chunk             |     2 |     7 |     8 |     2 ||    19
       Ration            |       |       |     1 |       ||     1
Armor: Skin              |    24 |    32 |    41 |    34 ||   131
Dodge: Dodged            |    31 |    49 |    88 |    55 ||   223
